 Dungeon Crawl Stone Soup version 0.29.0-4-gdea44cf6ec (webtiles) character file.

Game seed: 30142528997663706

106 qw the Chopper (level 4, -4/26 HPs)
             Began as a Tengu Warper on Aug 28, 2022.
             Slain by Grinder (6 damage)
             ... on level 3 of the Dungeon.
             The game lasted 00:00:11 (2327 turns).

qw the Chopper (Tengu Warper)                       Turns: 2327, Time: 00:00:11

Health: -4/26      AC:  7    Str: 13    XL:     4   Next: 84%
Magic:  8/8        EV:  9    Int: 14    God:
Gold:   97         SH:  0    Dex: 13    Spells: 7/7 levels left

rFire   . . .      SeeInvis .   Y - +0 hand axe
rCold   . . .      Faith    .   (no shield)
rNeg    . . .      Spirit   .   d - +1 scale mail {rPois}
rPois   +          Reflect  .   (helmet restricted)
rElec   .          Harm     .   (no cloak)
rCorr   .          Rampage  .   (no gloves)
Will    .....                   (boots unavailable)
Stlth   ..........              (no amulet)
HPRegen 0.08/turn               (no ring)
MPRegen 0.11/turn               (no ring)

@: no status effects
A: beak, talons 3
a: no special abilities


You were on level 3 of the Dungeon.
You visited 1 branch of the dungeon, and saw 3 of its levels.

You collected 97 gold pieces.


Innate Abilities, Weirdness & Mutations

You have a beak for a mouth.
You have claws for feet.


   Skills:
 - Level 2.0 Fighting
 + Level 5.3 Axes
 - Level 1.0 Throwing
 - Level 1.1 Armour
 - Level 2.1 Dodging
 - Level 2.0 Spellcasting
 - Level 2.4 Translocations


You had 7 spell levels left.
You didn't know any spells.
Your spell library contained the following spells:

 Spells                   Type           Power      Damage    Failure   Level
 Blink                    Tloc           16%        N/A       54%         2
 Gell's Gravitas          Tloc           8%         N/A       78%         3
 Lesser Beckoning         Tloc           8%         N/A       78%         3
 Teleport Other           Tloc           8%         N/A       78%         3
 Manifold Assault         Tloc           8%         N/A       100%        5

Inventory:

Hand Weapons
 i - a +0 mace
 Y - a +0 hand axe (weapon)
Armour
 d - a +1 scale mail of poison resistance (worn)
Scrolls
 a - a scroll of identify
Potions
 c - a potion of curing
 f - a potion of might {unknown}

Dungeon Overview and Level Annotations

Branches:
Dungeon (3/15)

Altars:

Annotations:
D:3 Grinder


Message History

As you read the scroll labelled ZOTOOX XEAMASEL, it crumbles to dust.
It is a scroll of enchant armour.
Really abort (and waste the scroll)?
Done exploring.
2278 ||| READING 2 scrolls of identify.
As you read the scroll of identify, it crumbles to dust.
c - a potion of curing
2278 ||| IDENTIFYING metallic pink potion Done exploring.
(D) Dungeon
Where to? (* - list waypoints, Enter - D:2, ? - help)
What level of the Dungeon? (default 1, ? - help)
There is a stone staircase leading down here.
You climb downwards.
Grinder shouts!
The goblin shouts!
The hobgoblin shouts!
Found three items.
Found a stone staircase leading down.
There is a stone staircase leading up here.
There are monsters nearby!
Existing waypoints: (1) D:2 (2) D:1 Assign waypoint to what number? (0-9, D - delete waypoint) Waypoint 2 re-assigned from D:1 to D:3.
Grinder hits you!
You writhe in agony.
You see here a scroll labelled GUSAUS MAER.
You hit Grinder. Your kick misses Grinder.
Grinder is lightly wounded.
An endoplasm comes into view.
Grinder barely misses you.
The endoplasm quivers.
You hit Grinder. You claw Grinder!
Grinder is moderately wounded.
Grinder hits you.
You writhe in agony.
You hit Grinder.
Grinder is heavily wounded.
You hit the goblin. The goblin hits you but does no damage.
A rat comes into view.
Grinder says, "Are you a fish?" Grinder hits you.
You writhe in agony.
You die...

## #.# ..
... #.##.#
....# ....
..# . #J#
#...###g##
#.g(.@.#
.>......5#
r.####?..#
#####


You could see Grinder, an endoplasm, a hobgoblin, a goblin and a rat
(wandering).

Vanquished Creatures
  4 adders (D:2)
  A gnoll (D:1)
  A worm (D:2)
  3 dart slugs
  7 endoplasms
  4 giant cockroaches
  5 goblins
  5 hobgoblins
  A quokka (D:1)
  4 ball pythons
  5 bats
  7 frilled lizards (D:1)
  2 kobolds
  2 rats
51 creatures vanquished.

Vanquished Creatures (others)
  4 plants
4 creatures vanquished.

Grand Total: 55 creatures vanquished

Notes
Turn   | Place    | Note
-------+----------+-------------------------------------------
     0 | D:1      | qw the Tengu Warper began the quest for the Orb.
     0 | D:1      | Reached XP level 1. HP: 12/12 MP: 4/4
     0 | D:1      | 0 ||| qw: Version: 0.1-a-89-g26bdef1
     0 | D:1      | 0 ||| qw: Game counter: 2833
     0 | D:1      | 0 ||| qw: Always use a shield: true
     0 | D:1      | 0 ||| qw: God list: Okawaru
     0 | D:1      | 0 ||| qw: Allow faded altars: false
     0 | D:1      | 0 ||| qw: Do Orc after D:15 true
     0 | D:1      | 0 ||| qw: Do second Lair branch before Depths: true
     0 | D:1      | 0 ||| qw: Lair rune preference: random
     0 | D:1      | 0 ||| qw: Plans: Normal
     0 | D:1      | 0 ||| PLANNING D:1-11
    44 | D:1      | 44 ||| Stepping ~*~*~tactically~*~*~ (stealth).
   108 | D:1      | Reached XP level 2. HP: 17/17 MP: 6/6
   143 | D:1      | Reached skill level 3 in Axes
   318 | D:1      | 318 ||| Stepping ~*~*~tactically~*~*~ (stealth).
   322 | D:1      | 322 ||| Stepping ~*~*~tactically~*~*~ (stealth).
   409 | D:1      | 409 ||| Stepping ~*~*~tactically~*~*~ (stealth).
   410 | D:1      | 410 ||| Stepping ~*~*~tactically~*~*~ (stealth).
   427 | D:1      | 427 ||| Stepping ~*~*~tactically~*~*~ (stealth).
   429 | D:1      | 429 ||| Stepping ~*~*~tactically~*~*~ (stealth).
   434 | D:1      | 434 ||| Stepping ~*~*~tactically~*~*~ (stealth).
   581 | D:1      | HP: 4/17 [gnoll/+0 spear (6)]
   583 | D:1      | Reached skill level 4 in Axes
   583 | D:1      | Reached XP level 3. HP: 5/21 MP: 7/7
  1039 | D:1      | 1039 ||| Stepping ~*~*~tactically~*~*~ (hiding).
  1341 | D:1      | Found a faded altar of an unknown god.
  1360 | D:1      | 1360 ||| DROPPING +0 club.
  1486 | D:1      | 1486 ||| UPGRADING to +1 scale mail of poison resistance.
  1496 | D:1      | 1496 ||| DROPPING +0 leather armour.
  1497 | D:1      | 1497 ||| READING 3 scrolls labelled BAABBA BIKLITE.
  1498 | D:1      | 1498 ||| READING scroll labelled NISEZI DUADEMM.
  1499 | D:1      | 1499 ||| DRINKING 3 ruby potions.
  1500 | D:1      | 1500 ||| DROPPING scroll of blinking.
  1501 | D:1      | 1501 ||| DROPPING 2 potions of attraction.
  1588 | D:2      | 1588 ||| Stepping ~*~*~tactically~*~*~ (hiding).
  1591 | D:2      | 1591 ||| Stepping ~*~*~tactically~*~*~ (hiding).
  1600 | D:2      | Reached XP level 4. HP: 26/26 MP: 8/8
  1848 | D:2      | Reached skill level 5 in Axes
  2276 | D:2      | 2276 ||| DROPPING amulet of magic regeneration.
  2277 | D:2      | 2277 ||| READING scroll labelled ZOTOOX XEAMASEL.
  2278 | D:2      | 2278 ||| READING 2 scrolls of identify.
  2278 | D:2      | 2278 ||| IDENTIFYING metallic pink potion
  2323 | D:3      | Noticed Grinder
  2327 | D:3      | HP: 2/26 [Grinder (6)]
  2327 | D:3      | Slain by Grinder

Levels and vault maps discovered:
D:1:      denvon_arrival_waterhouse, layout_loops_ring,
          shapermc_ecumenical_altar_mp_ritualfount,
          chequers_serial_rivers_small_b
D:2:      layout_basic, serial_bayou_pond_b, corexii_hall_statues_s
D:3:      layout_loops_ring, uniq_natasha, uniq_grinder

Skill      XL: |  1  2  3  4 |
---------------+-------------+-----
Axes           | 4 5 |  5.3
Fighting       | |  2.0
Throwing       | |  1.0
Armour         | |  1.1
Dodging        | |  2.1
Spellcasting   | |  2.0
Translocations | |  2.4

Action                   |  1- 3 |  4- 6 || total
-------------------------+-------+-------++-------
Melee: Hand axe          |    82 |    41 ||   123
       Peck              |     9 |     5 ||    14
       Kick              |    15 |     8 ||    23
       Punch             |     1 |       ||     1
Throw: Boomerang         |     7 |       ||     7
  Use: Scroll            |     2 |     2 ||     4
       Potion            |     1 |       ||     1
Armor: Leather armour    |    14 |       ||    14
       Scale mail        |     9 |    16 ||    25
Dodge: Dodged            |    30 |    18 ||    48

Table legend:
 A = Non-vault XP
 B = Vault XP
 C = Vault XP percentage of total XP
 D = Non-vault monster count
 E = Vault monster count
 F = Vault count percentage of total count
                 A         B        C        D         E       F
            +---------+---------+-------+---------+---------+-------
      Total |     148 |       4 |   2.6 |      50 |       1 |   2.0
            +---------+---------+-------+---------+---------+-------
        D:1 |      66 |       0 |   0.0 |      32 |       0 |   0.0
        D:2 |      82 |       4 |   4.7 |      18 |       1 |   5.3
            +---------+---------+-------+---------+---------+-------
